 Dungeon Crawl Stone Soup version 0.19.4-10-g532645f (console) character file.

161377 Grinner the Black Belt (level 16, -2/181 HPs)
             Began as a Troll Monk on Feb 23, 2017.
             Was the Champion of Jiyva.
             Slain by a death yak (21 damage)
             ... led by Polyphemus
             ... on level 3 of the Shoals.
             The game lasted 02:07:25 (26321 turns).

Grinner the Black Belt (Troll Monk)                Turns: 26321, Time: 02:07:25

Health: -2/181     AC: 14    Str: 14    XL:     16   Next: 94%
Magic:  11/22      EV: 17    Int: 20    God:    Jiyva [******]
Gold:   1057       SH: 14    Dex: 28    Spells: 4 memorised, 14 levels left

rFire  + . .     SeeInvis .       - Unarmed
rCold  + . .     Gourm    +     e - +3 steam dragon scales
rNeg   . . .     Faith    .     S - +2 shield {reflect}
rPois  .         Spirit   .     (helmet restricted)
rElec  +         Reflect  +     O - +2 cloak of Yredelemnul's Pride {rElec MR+++ Str+4}
rCorr  +         Harm     .     (gloves unavailable)
MR     +++++     Clarity  +     (boots unavailable)
Stlth  ++........               M - necklace of Bloodlust {*Rage +Rage MR+ Int-3 Slay+3 *Curse} (curse)
                                Z - ring of Loatok {rC+ MR+ Str+5 Dex+2 Slay+3}
                                A - ring of wizardry

@: no status effects
A: unfitting armour, claws 3, icy blue scales 1, clarity, clever 2, fire
resistance 1, fast metabolism 3, gourmand, mutation resistance 1, regeneration
1, robust 1, shaggy fur 1, strong 2, tough skin 2, pseudopods 1, subdued magic 1
a: Request Jelly, Slimify, Cure Bad Mutation, Renounce Religion, Evoke Berserk
Rage
}: 1/15 runes: slimy


You were on level 3 of the Shoals.
You worshipped Jiyva.
Jiyva was exalted by your worship.
You were full.

You visited 7 branches of the dungeon, and saw 33 of its levels.
You also visited: Ice Cave.

You collected 1694 gold pieces.
You spent 637 gold pieces at shops.

Inventory:

Hand Weapons
 N - the +6 scimitar of Flaming Death {sticky flame, rPois rF++ rC- MR+}
   (You found it on level 5 of the Pits of Slime)

   It has been specially enchanted to burn those struck by it, causing extra
   injury to most foes and up to half again as much damage against particularly
   susceptible opponents.
   Big, fiery blades are also staple armaments of hydra-hunters.
   It greatly protects you from fire.
   It makes you vulnerable to cold.
   It protects you from poison.
   It affects your resistance to hostile enchantments.
 P - the +1 hand crossbow of Asunnil {speed, rElec rPois rC++ MR- Dex+3}
   (You found it on level 5 of the Pits of Slime)

   Attacks with this weapon are significantly faster.
   It affects your dexterity (+3).
   It greatly protects you from cold.
   It insulates you from electricity.
   It protects you from poison.
   It affects your resistance to hostile enchantments.
Armour
 e - +3 steam dragon scales (worn)
 O - the +2 cloak of Yredelemnul's Pride (worn) {rElec MR+++ Str+4}
   (You bought it in a shop on level 2 of the Orcish Mines)

   It affects your strength (+4).
   It insulates you from electricity.
   It affects your resistance to hostile enchantments.
 S - a +2 shield of reflection (worn)
Jewellery
 i - an uncursed ring of fire
 o - a +3 amulet of reflection
 t - an uncursed ring of positive energy
 A - a ring of wizardry (left claw)
 E - an uncursed ring of stealth
 F - an uncursed ring of stealth
 M - the cursed necklace of Bloodlust (around neck) {*Rage +Rage MR+ Int-3 Slay+3 *Curse}
   (You found it on level 5 of the Pits of Slime)

   [amulet of rage]

   It affects your intelligence (-3).
   It affects your accuracy and damage with ranged weapons and melee attacks
   (+3).
   It affects your resistance to hostile enchantments.
   It lets you go berserk.
   It may make you go berserk in combat.
   It may re-curse itself when equipped.
   It has a curse placed upon it.
 X - an uncursed ring of see invisible
 Z - the ring of Loatok (right claw) {rC+ MR+ Str+5 Dex+2 Slay+3}
   (You found it in an ice cave)

   [ring of protection from cold]

   It affects your strength (+5).
   It affects your dexterity (+2).
   It affects your accuracy and damage with ranged weapons and melee attacks
   (+3).
   It protects you from cold.
   It affects your resistance to hostile enchantments.
Wands
 n - a wand of lightning (6/15)
 p - a wand of polymorph (3/24)
 s - a wand of lightning (5/15)
 u - a wand of iceblast (1/15)
 x - a wand of iceblast (4/15)
 B - a wand of paralysis (0/24)
 D - a wand of polymorph (8/24)
 G - a wand of digging (0/24)
 J - a wand of flame (15/48)
 W - a wand of polymorph (12/24)
 Y - a wand of iceblast (9/15)
Scrolls
 a - a scroll of teleportation
 c - 8 scrolls of remove curse
 f - a scroll of enchant weapon
 j - 3 scrolls of immolation
 q - 6 scrolls of recharging
 r - a scroll of vulnerability {unknown}
 z - 3 scrolls of amnesia
 C - a scroll of noise
 R - a scroll of summoning
 T - a scroll of holy word
Potions
 k - a potion of resistance
 m - 4 potions of brilliance
 v - 2 potions of cure mutation
 L - a potion of might
 V - a potion of curing
Books
 l - a book of Necromancy

   Spells                             Type                      Level
   a - Pain                           Necromancy                   1
   b - Animate Skeleton               Necromancy                   1
   c - Vampiric Draining              Necromancy                   3
   d - Regeneration                   Charms/Necromancy            3
   e - Animate Dead                   Necromancy                   4
   f - Control Undead                 Necromancy                   4
 y - Vaeh's Incunabulum of Venom
   (You found it on level 6 of the Dungeon)

   Spells                             Type                      Level
   a - Sting                          Conjuration/Poison           1
   b - Ignite Poison                  Fire/Transmutation/Poison    3
   c - Venom Bolt                     Conjuration/Poison           5
   d - Alistair's Intoxication        Transmutation/Poison         5
 K - Easy Spellcraft
   (You found it on level 5 of the Pits of Slime)

   Spells                             Type                      Level
   a - Sticky Flame                   Conjuration/Fire             4
   b - Ice Form                       Ice/Transmutation            4
   c - Animate Dead                   Necromancy                   4
   d - Olgreb's Toxic Radiance        Poison                       4
   e - Summon Lightning Spire         Summoning/Air                4
   f - Petrify                        Transmutation/Earth          4
 U - the Disquisition on Creation
   (You found it on level 1 of the Elven Halls)

   Spells                             Type                      Level
   a - Call Canine Familiar           Summoning                    3
   b - Summon Forest                  Summoning/Translocation      5
   c - Malign Gateway                 Summoning/Translocation      7
Comestibles
 b - 9 bread rations
 d - 5 meat rations
 g - 9 slices of pizza
 h - 4 beef jerkies
 w - 10 fruits
 H - a royal jelly


   Skills:
 - Level 12.2 Fighting
 + Level 4.6 Armour
 + Level 7.5 Dodging
 - Level 1.0 Stealth
 + Level 9.7 Shields
 * Level 16.4 Unarmed Combat
 - Level 5.2 Spellcasting
 - Level 3.1 Conjurations
 - Level 8.0 Necromancy
 + Level 3.1 Transmutations
 + Level 2.9 Fire Magic
 - Level 5.1 Poison Magic
 - Level 2.8 Evocations


You had 14 spell levels left.
You knew the following spells:

 Your Spells              Type           Power        Failure   Level  Hunger
d - Vampiric Draining     Necr           ####......   1%          3    ##.....
q - Olgreb's Toxic Radia  Pois           ###.....     6%          4    ####...
w - Ignite Poison         Fire/Tmut/Pois ###.....     3%          3    ##.....
z - Sting                 Conj/Pois      ###.         1%          1    None


Dungeon Overview and Level Annotations

Branches:
Dungeon (13/15)            Temple (0/1) D:4            Lair (6/6) D:9
 Shoals (3/4) Lair:4        Snake (0/4) Lair:4        Slime (5/5) Lair:6
    Orc (2/2) D:12            Elf (1/3) Orc:2        Vaults (3/5) D:13
  Crypt: Vaults:2-3

Altars:
Cheibriados
Dithmenos
Fedhas
Gozag
Kikubaaqudgha
Nemelex Xobeh
Qazlal
Ru
Trog
Vehumet
Xom
Yredelemnul
The Shining One
Beogh
Jiyva

Shops:
D:6 }   D:9 (   Orc:1 !   Orc:2 %[([   Elf:1 [   Vaults:1 *   Vaults:3 *

Annotations:
Lair:1 folm99785's ghost, journeyman MiFi
Shoals:3 Polyphemus
Slime:5 Royal Jelly


Innate Abilities, Weirdness & Mutations

You are too large for most types of armour.
You have claws for hands.
Your metabolism is lightning-fast.
You like to eat raw meat.
Your natural rate of healing is unusually fast.
You are covered in fur. (AC +1)
You have very tough skin. (AC +2)
You are partially covered in icy blue scales. (AC +2)
You possess an exceptional clarity of mind.
Your mind is very acute. (Int +4)
Your flesh is heat resistant. (rF+)
You are somewhat resistant to further mutation.
You are robust. (+10% HP)
Your muscles are very strong. (Str +4)
Armour fits poorly on your pseudopods.
Your spells are a little easier to cast, but a little less powerful.


Message History

Polyphemus throws the death yak at you!
* * * LOW HITPOINT WARNING * * *
The death yak looks even sicker.
The death yak is no longer petrified.
The plant is engulfed in calcifying dust.
The death yak gores you!
* * * LOW HITPOINT WARNING * * *
Polyphemus throws a large rock.
The large rock misses you.
You see here 2 large rocks.
Your toxic aura wanes.
The plant is no longer petrified.
The death yak gores you!!
* * * LOW HITPOINT WARNING * * *
Polyphemus throws a large rock.
You reflect the large rock off your +2 shield of reflection!
The large rock hits Polyphemus!!
Okay, then.
You feel better. The death yak completely misses you.
Polyphemus says, "Trying to escape from me is useless!"
Polyphemus throws a large rock.
The large rock misses you. The death yak gores you!!
You die...

≈≈≈≈≈≈≈≈≈≈≈≈≈≈≈≈≈≈≈≈≈≈≈
≈≈≈..≈≈≈≈≈≈≈≈≈≈≈≈≈≈≈≈≈≈
....≈≈≈≈≈≈≈≈≈≈≈≈≈≈≈≈≈≈
....≈≈≈≈≈≈≈≈≈≈≈≈≈≈≈≈≈
#..≈≈≈≈≈≈≈≈≈≈≈≈≈≈≈≈≈
#..≈≈≈≈≈≈≈≈≈≈≈≈≈≈≈≈ .##
##.....≈≈C(..†≈≈≈≈≈≈ ≈≈≈≈
....### #..@Y((†....†.≈≈≈≈≈≈
≈≈≈≈
......###.†###(P(.###<≈≈≈≈≈≈
≈≈...##.≈.....### ##...#
).≈≈≈≈≈ ≈≈≈≈.#.≈......##
##.## .≈≈≈≈≈≈
≈≈≈≈......≈≈≈..# ####
..≈§≈≈≈ ≈.≈≈≈......≈≈≈.###
###.## #..≈≈≈≈
..≈≈≈......≈≈≈...###..P.#
#..≈≈≈
../≈.....<.≈≈≈..P.P..P..##
#.≈≈≈
.≈≈≈...###.≈≈P...P.P≈≈≈..#


You could see Polyphemus and a death yak.

Vanquished Creatures
  Jorgrun (Vaults:3)
  4 vault wardens
  3 ironheart preservers
  2 stone giants (Vaults:2)
  3 very ugly things
  A deep elf demonologist (Elf:1)
  A yaktaur captain (Vaults:2)
  A merfolk javelineer (Shoals:2)
  3 merfolk impalers
  Fannar (Orc:1)
  3 ogre magi
  An ice dragon (Vaults:2)
  7 vault guards
  2 hydras
  Erica (Lair:2)
  A rakshasa (Vaults:1)
  2 alligator snapping turtles (Shoals:2)
  2 catoblepae
  2 merfolk avatars (Shoals:1)
  A merfolk aquamancer (Shoals:2)
  A satyr (Shoals:2)
  A centaur warrior (Vaults:1)
  4 dancing weapons (Elf:1)
  5 death yaks
  An orc high priest (Orc:2)
  Nergalle (Lair:1)
  Sonja (Orc:2)
  10 deep elf knights
  A fire crab (shapeshifter) (Vaults:2)
  2 skeletal warriors (Vaults:2)
  2 sea snakes (Shoals:3)
  6 deep elf archers
  3 ironbrand convokers
  A lindwurm (Lair:6)
  A wizard (Vaults:1)
  A hill giant (D:10)
  4 orc knights
  5 harpies (Shoals:2)
  5 manticores
  11 deep elf magi
  4 cyclopes
  18 ugly things
  A wolf spider (Vaults:3)
  4 fauns
  4 orc sorcerers
  An ice statue (IceCv)
  3 sirens (Shoals:1)
  4 black mambas
  A guardian serpent (shapeshifter) (Vaults:1)
  8 vault sentinels
  4 elephants (Lair:6)
  An elephant (shapeshifter) (Vaults:2)
  A torpor snail (Lair:6)
  3 water nymphs (Shoals:1)
  9 spiny frogs
  2 centaur skeletons
  4 rime drakes
  An efreet (D:11)
  4 komodo dragons
  11 yaktaurs
  A freezing wraith (Vaults:3)
  The ghost of coledot the Basher, a novice GrFi of Zin (D:4)
  13 merfolk
  4 trolls
  A meliai (shapeshifter) (Vaults:1)
  13 polar bears
  3 wind drakes
  17 dream sheep
  9 two-headed ogres
  10 hippogriffs
  3 hornets
  6 snapping turtles
  4 water elementals
  2 redbacks (Vaults:3)
  2 spriggans (Lair:5)
  An air elemental (Elf:1)
  7 wyverns
  2 wraiths
  A human (shapeshifter) (Vaults:2)
  The ghost of quoriil the Ruffian, an amateur TrAE of Yredelemnul (D:3)
  40 yaks
  15 humans
  Grum (D:8)
  5 fire elementals (Elf:1)
  A steam dragon (D:3)
  2 hungry ghosts
  A basilisk (Lair:6)
  4 vampire mosquitoes (D:12)
  5 wargs
  10 porcupines
  8 water moccasins
  A floating eye (shapeshifter) (Vaults:2)
  34 orc warriors
  3 ice beasts
  A phantom (D:10)
  A black bear (Lair:6)
  13 centaurs
  17 ogres
  5 boggarts (Vaults:1)
  25 wolves
  10 crocodiles
  A big kobold (D:9)
  10 bullfrogs
  A wyvern zombie (D:11)
  An earth elemental (Elf:1)
  2 scorpions
  3 killer bees (D:11)
  A human simulacrum (Vaults:1)
  7 wights
  2 howler monkeys
  2 crimson imps
  2 bullfrog zombies
  A yaktaur simulacrum (Vaults:1)
  7 hounds
  16 orc priests
  4 centaur zombies
  18 orc wizards
  7 worker ants
  4 iguanas
  A hell rat (Lair:2)
  A hound skeleton (D:11)
  A worker ant zombie (D:10)
  7 adders
  3 river rats (Lair:2)
  2 shadow imps
  An ooze (D:1)
  An adder zombie (D:7)
  2 worms (D:5)
  2 dart slugs
  3 leopard geckos
  97 orcs
  3 ball pythons (D:3)
  7 giant cockroaches
  8 goblins
  5 hobgoblins
  11 jackals
  3 quokkas
  5 bats
  2 frilled lizards
  A giant cockroach zombie (D:5)
  10 kobolds
  A leopard gecko skeleton (D:5)
  A quokka skeleton (D:6)
  14 rats
780 creatures vanquished.

Vanquished Creatures (collateral kills)
  A stone giant (Orc:2)
  A catoblepas (Lair:6)
  A death yak (Lair:6)
  An orc high priest (Orc:2)
  A deep elf mage (Vaults:2)
  An orc knight (Vaults:1)
  An orc sorcerer (Orc:2)
  A cyclops (D:12)
  A komodo dragon (Lair:6)
  2 yaks (Lair:6)
  3 orc warriors
  3 wolves (Lair:6)
  A centaur (D:12)
18 creatures vanquished.

Vanquished Creatures (others)
  3 acid blobs
  An ironheart preserver (Vaults:1)
  Nessos (D:13)
  Azrael (Elf:1)
  A great orb of eyes (Slime:5)
  2 merfolk javelineers
  A death ooze (Slime:5)
  A fire dragon (Vaults:1)
  A yaktaur captain (Vaults:1)
  An ice dragon (Vaults:2)
  2 dancing weapons (Elf:1)
  2 ogre magi (Vaults:1)
  A death yak (Lair:6)
  A queen ant (shapeshifter) (Vaults:2)
  A tengu warrior (Shoals:1)
  2 deep elf knights
  A wizard (Vaults:1)
  An unseen horror (Vaults:1)
  A deep elf archer (Elf:1)
  3 deep trolls (Vaults:1)
  An orc knight (Vaults:1)
  10 deep elf magi (Elf:1)
  2 fauns (Shoals:1)
  A shining eye (Slime:5)
  A cyclops (Shoals:2)
  2 wolf spiders (Vaults:1)
  An ugly thing (Vaults:1)
  A black mamba (Lair:1)
  4 elephants (Lair:2)
  5 yaktaurs
  3 merfolk
  A tengu conjurer (Shoals:1)
  A polar bear (IceCv)
  A wind drake (Shoals:1)
  2 dream sheep (Shoals:2)
  32 slime creatures
  3 yaks
  A wyvern (D:10)
  A water elemental (Shoals:1)
  A fire elemental (Elf:1)
  A mottled dragon (Vaults:1)
  A basilisk (Lair:1)
  A floating eye (Slime:5)
  A water moccasin (Lair:6)
  2 hell hounds (Elf:1)
  A black bear (D:9)
  An eye of draining (D:12)
  5 wolves
  3 humans
  6 ogres
  4 boggarts (Vaults:2)
  2 crocodiles
  6 centaurs
  156 jellies
  3 bullfrogs
  2 howler monkeys (D:10)
  A crimson imp (D:12)
  A hound (D:10)
  5 orc wizards
  An iguana (D:9)
  2 howler monkey skeletons (D:9)
  3 river rats (Lair:2)
  An adder (D:9)
  6 orcs
  3 jackals
  A kobold (D:3)
  3 rats (Lair:2)
  13 fungi
  6 plants
  4 toadstools (D:1)
347 creatures vanquished.

Grand Total: 1145 creatures vanquished

Notes
Turn   | Place    | Note
-------+----------+-------------------------------------------
     0 | D:1      | Grinner the Troll Monk began the quest for the Orb.
     0 | D:1      | Reached XP level 1. HP: 22/22 MP: 0/0
    88 | D:1      | Reached XP level 2. HP: 29/29 MP: 1/1
   435 | D:1      | Reached skill level 4 in Unarmed Combat
   635 | D:2      | Found a shimmering altar of Xom.
   646 | D:2      | Reached XP level 3. HP: 36/36 MP: 2/2
   885 | D:2      | Found a faded altar of an unknown god.
   885 | D:2      | Found a faded altar of an unknown god.
   890 | D:2      | Found a sparkling altar of Nemelex Xobeh.
   892 | D:2      | Found a faded altar of an unknown god.
   894 | D:2      | Found a faded altar of an unknown god.
  1088 | D:3      | Noticed quoriil's ghost (amateur TrAE)
  1108 | D:3      | Killed quoriil's ghost
  1108 | D:3      | Reached skill level 6 in Unarmed Combat
  1108 | D:3      | Reached XP level 4. HP: 36/44 MP: 3/3
  1108 | D:3      | Reached XP level 5. HP: 41/50 MP: 4/4
  1165 | D:3      | Learned a level 3 spell: Vampiric Draining
  1191 | D:3      | Noticed a steam dragon
  1199 | D:3      | Gained mutation: You possess an exceptional clarity of mind. [potion of mutation]
  1199 | D:3      | Gained mutation: Your spells are a little harder to cast, but a little more powerful. [potion of mutation]
  1199 | D:3      | Gained mutation: You are resistant to electric shocks. (rElec) [potion of mutation]
  1209 | D:3      | Killed a steam dragon
  1209 | D:3      | Reached skill level 1 in Necromancy
  1209 | D:3      | Reached XP level 6. HP: 29/59 MP: 4/6
  1441 | D:3      | Reached skill level 7 in Unarmed Combat
  1441 | D:3      | Reached skill level 1 in Spellcasting
  1724 | D:4      | Noticed coledot's ghost (novice GrFi)
  1742 | D:4      | Killed coledot's ghost
  1742 | D:4      | Reached XP level 7. HP: 43/66 MP: 6/8
  2171 | D:4      | Found a staircase to the Ecumenical Temple.
  2298 | D:5      | Entered Level 5 of the Dungeon
  2326 | D:5      | Reached skill level 8 in Unarmed Combat
  2492 | D:5      | Reached XP level 8. HP: 56/74 MP: 10/10
  3015 | D:5      | Found a shimmering altar of Xom.
  4097 | D:6      | Identified Vaeh's Incunabulum of Venom
  4101 | D:6      | Learned a level 1 spell: Sting
  4137 | D:6      | Found Davelose's Gadget Shoppe.
  4162 | D:7      | Reached skill level 9 in Unarmed Combat
  4347 | D:7      | Found an ancient bone altar of Kikubaaqudgha.
  4356 | D:7      | Found a shadowy altar of Dithmenos.
  4528 | D:7      | Reached skill level 1 in Conjurations
  4528 | D:7      | Reached skill level 1 in Poison Magic
  4530 | D:7      | Noticed a hippogriff
  4537 | D:7      | Killed a hippogriff
  4808 | D:8      | Noticed Grum
  4812 | D:8      | Noticed a hippogriff
  4822 | D:8      | Reached XP level 9. HP: 44/80 MP: 2/12
  4835 | D:8      | Killed Grum
  4939 | D:8      | Reached skill level 10 in Unarmed Combat
  5203 | D:8      | Found an ancient bone altar of Kikubaaqudgha.
  5203 | D:8      | Found an opulent altar of Gozag.
  5319 | D:8      | Found a stormy altar of Qazlal.
  5354 | D:8      | Found a blossoming altar of Fedhas.
  5588 | D:9      | Found a staircase to the Lair.
  5625 | Lair:1   | Entered Level 1 of the Lair of Beasts
  5644 | Lair:1   | Noticed a black mamba
  5660 | Lair:1   | Reached XP level 10. HP: 76/88 MP: 14/14
  5870 | Lair:3   | Reached skill level 5 in Necromancy
  6423 | Lair:4   | Reached skill level 11 in Unarmed Combat
  6718 | Lair:6   | Entered Level 6 of the Lair of Beasts
  7389 | Lair:6   | Reached skill level 12 in Unarmed Combat
  7574 | Lair:6   | Reached XP level 11. HP: 73/94 MP: 16/16
  7739 | Lair:6   | Noticed a death yak
  7772 | Lair:6   | Killed a death yak
  8081 | Lair:6   | Found a staircase to the Slime Pits.
  8086 | Lair:6   | Found a viscous altar of Jiyva.
  8095 | Lair:6   | Became a worshipper of Jiyva Jeupruff the Shapeless
  8095 | Lair:6   | Reached * piety under Jiyva
  8095 | Lair:6   | Reached ** piety under Jiyva
  8405 | Lair:4   | Reached skill level 5 in Spellcasting
  8497 | Lair:4   | Found a staircase to the Snake Pit.
  8927 | Lair:3   | Reached skill level 13 in Unarmed Combat
  9144 | Lair:3   | Reached *** piety under Jiyva
  9317 | Lair:2   | Noticed a catoblepas
  9334 | Lair:2   | Killed a catoblepas
  9445 | Lair:2   | Noticed Erica
  9483 | Lair:2   | Gained mutation: Your translucent skin slightly reduces your foes' accuracy. (Stealth) [Jiyva's grace]
  9517 | Lair:2   | Noticed a four-headed hydra
  9582 | Lair:1   | Noticed Nergalle
  9603 | Lair:1   | Killed Nergalle
  9603 | Lair:1   | Reached XP level 12. HP: 44/104 MP: 18/18
  9707 | Lair:1   | Reached **** piety under Jiyva
 10004 | D:9      | Gained mutation: Your body sometimes deteriorates upon taking damage. [Jiyva's grace]
 10129 | D:9      | Reached ***** piety under Jiyva
 10224 | D:9      | Found Oplall's Weapon Shop.
 10307 | D:9      | Got an encrusted falchion
 10308 | D:9      | Identified the cursed +2 falchion "Ruyfidwe" {drain, Stlth+} (You found it on level 9 of the Dungeon)
 10377 | D:9      | Found a bloodstained altar of Trog.
 10389 | D:9      | Found a basalt altar of Yredelemnul.
 10390 | D:9      | Found a sacrificial altar of Ru.
 10393 | D:9      | Found a snail-covered altar of Cheibriados.
 10394 | D:9      | Found a radiant altar of Vehumet.
 10440 | D:10     | Entered Level 10 of the Dungeon
 10525 | D:10     | Found a glowing golden altar of the Shining One.
 10621 | D:10     | Gained mutation: You are occasionally teleported next to monsters. [Jiyva's grace]
 10932 | D:10     | Gained mutation: You have large cloven feet. [Jiyva's grace]
 10983 | D:10     | Reached skill level 5 in Dodging
 11229 | D:11     | Reached skill level 14 in Unarmed Combat
 11524 | D:11     | Reached ****** piety under Jiyva
 11524 | D:11     | Lost mutation: Your body sometimes deteriorates upon taking damage. [Jiyva's grace]
 11760 | Lair:1   | Noticed folm99785's ghost (journeyman MiFi)
 11919 | Lair:2   | Slimified a four-headed hydra
 11919 | Lair:2   | Noticed an azure jelly
 11919 | Lair:2   | a four-headed hydra changed into an azure jelly
 12054 | Lair:4   | Found a staircase to the Shoals.
 12123 | Slime:1  | Entered Level 1 of the Pits of Slime
 12123 | Slime:1  | Noticed an acid blob
 12123 | Slime:1  | Noticed an azure jelly
 12123 | Slime:1  | Noticed an acid blob
 12138 | Slime:3  | Noticed an acid blob
 12141 | Slime:4  | Noticed an acid blob
 12144 | Slime:4  | Noticed an azure jelly
 12149 | Slime:4  | Noticed a great orb of eyes
 12159 | Slime:5  | Entered Level 5 of the Pits of Slime
 12159 | Slime:5  | Noticed a death ooze
 12170 | Slime:5  | Noticed an acid blob
 12174 | Slime:5  | Noticed a great orb of eyes
 12176 | Slime:5  | Gained mutation: Your body sometimes deteriorates upon taking damage. [Jiyva's grace]
 12177 | Slime:5  | Noticed a great orb of eyes
 12178 | Slime:5  | Found a viscous altar of Jiyva.
 12178 | Slime:5  | Noticed a great orb of eyes
 12179 | Slime:5  | Noticed the Royal Jelly
 12181 | Slime:5  | Noticed an azure jelly
 12181 | Slime:5  | Gained mutation: Your rubbery body absorbs attacks. (AC +1, EV +1) [Jiyva's grace]
 12182 | Slime:5  | Identified a scroll of acquirement
 12186 | Slime:5  | Lost mutation: Your body sometimes deteriorates upon taking damage. [Jiyva's grace]
 12189 | Slime:5  | Noticed an acid blob
 12189 | Slime:5  | Killed a death ooze
 12191 | Slime:5  | Gained mutation: You are covered in slimy tendrils that may disarm your opponents. [Jiyva's grace]
 12192 | Slime:5  | Noticed an acid blob
 12195 | Slime:5  | Identified Easy Spellcraft
 12202 | Slime:5  | Killed a great orb of eyes
 12204 | Slime:5  | Noticed an acid blob
 12227 | Slime:5  | Killed an acid blob
 12231 | Slime:5  | Got a slimy rune of Zot
 12243 | Slime:5  | Got a smoking trident
 12253 | Slime:5  | Got a pitted hand crossbow
 12264 | Slime:5  | Got a bloodstained quarterstaff
 12268 | Slime:5  | Identified the +6 trident of Spontaneous Combustion {pierce, MR+ Str+7} (You found it on level 5 of the Pits of Slime)
 12269 | Slime:5  | Identified the cursed +1 hand crossbow of Asunnil {speed, rElec rPois rC++ MR- Dex+3} (You found it on level 5 of the Pits of Slime)
 12271 | Slime:5  | Identified the +4 quarterstaff of Jesi Bot {drain, Int+3 Stlth+} (You found it on level 5 of the Pits of Slime)
 12298 | Slime:4  | Noticed a death ooze
 12311 | Slime:3  | Noticed an acid blob
 12311 | Slime:3  | Noticed a great orb of eyes
 12410 | Slime:3  | Noticed an azure jelly
 12415 | Slime:2  | Noticed an azure jelly
 12425 | Slime:2  | Killed an acid blob
 12492 | Lair:6   | Noticed a five-headed hydra
 12510 | Lair:6   | Killed a one-headed hydra
 12604 | Lair:6   | Reached skill level 1 in Armour
 12605 | Lair:6   | Reached skill level 1 in Evocations
 12839 | Lair:6   | Noticed a death yak
 12842 | Lair:6   | Noticed a death yak
 12843 | Lair:6   | Noticed a catoblepas
 12863 | Lair:6   | Noticed a death yak
 12864 | Lair:6   | Noticed a death yak
 12869 | Lair:6   | Killed a death yak
 12897 | Lair:6   | Killed a death yak
 12907 | Lair:6   | Killed a catoblepas
 12911 | Lair:6   | Killed a death yak
 12911 | Lair:6   | Reached skill level 15 in Unarmed Combat
 12918 | Lair:6   | Killed a death yak
 12918 | Lair:6   | Reached XP level 13. HP: 29/110 MP: 19/19
 13067 | Lair:6   | Lost mutation: Your spells are a little harder to cast, but a little more powerful. [Jiyva's grace]
 13080 | Lair:6   | Noticed an acid blob
 13080 | Lair:6   | a deep troll shaman changed into an acid blob
 13108 | Lair:6   | Gained mutation: You are partially covered in icy blue scales. (AC +2) [Jiyva's grace]
 13295 | Lair:5   | Gained mutation: You are clumsy. (Dex -2) [Jiyva's grace]
 14139 | Lair:4   | Gained mutation: Your body has grown golden eyes which may confuse attackers. (Acc +3) [Jiyva's grace]
 14222 | Lair:2   | Killed Erica
 14313 | Lair:2   | Gained mutation: You evolve. [Jiyva's grace]
 15129 | D:12     | Reached skill level 1 in Shields
 15269 | D:12     | Found a staircase to the Orcish Mines.
 15306 | D:12     | Lost mutation: Your rubbery body absorbs attacks. (AC +1, EV +1) [Jiyva's grace]
 15354 | D:12     | Found a frozen archway.
 15364 | IceCv    | Entered an ice cave
 15383 | IceCv    | Gained mutation: Your system is resistant to poisons. (rPois) [Jiyva's grace]
 15618 | IceCv    | Lost mutation: You are clumsy. (Dex -2) [Jiyva's grace]
 16037 | IceCv    | Noticed a white draconian
 16045 | IceCv    | Reached skill level 5 in Shields
 16061 | IceCv    | Lost mutation: You are occasionally teleported next to monsters. [Jiyva's grace]
 16548 | IceCv    | Slimified a white draconian
 16548 | IceCv    | Noticed an azure jelly
 16548 | IceCv    | a white draconian changed into an azure jelly
 16618 | IceCv    | Got a coiled wooden ring
 16619 | IceCv    | Identified the ring of Loatok {rC+ MR+ Str+5 Dex+2 Slay+3} (You found it in an ice cave)
 16659 | D:12     | Gained mutation: You have a pair of small horns on your head. [Jiyva's grace]
 16737 | D:12     | Found a viscous altar of Jiyva.
 17046 | Orc:1    | Entered Level 1 of the Orcish Mines
 17054 | Orc:1    | Found Cupawauj's Distillery.
 17084 | Orc:1    | Bought a potion of heal wounds for 75 gold pieces
 17246 | Orc:1    | Lost mutation: You have a pair of small horns on your head. [Jiyva's grace]
 17267 | Orc:1    | Found a roughly hewn altar of Beogh.
 17267 | Orc:1    | Noticed Fannar
 17275 | Orc:1    | Killed Fannar
 17337 | Orc:1    | Lost mutation: You have large cloven feet. [Jiyva's grace]
 17427 | Orc:2    | Entered Level 2 of the Orcish Mines
 17513 | Orc:2    | Found a roughly hewn altar of Beogh.
 17744 | Orc:2    | Found a staircase to the Elven Halls.
 17744 | Orc:2    | Noticed a stone giant
 17754 | Orc:2    | Killed a stone giant
 17901 | Orc:2    | Noticed an orc warlord
 18129 | Orc:2    | Reached XP level 14. HP: 108/118 MP: 20/20
 18142 | Orc:2    | Slimified an orc warlord
 18142 | Orc:2    | an orc warlord changed into a slime creature
 18371 | Orc:2    | Gained mutation: Your mind is acute. (Int +2) [Jiyva's grace]
 18391 | Orc:2    | Found Xasuxes's Antique Armour Emporium.
 18392 | Orc:2    | Found a roughly hewn altar of Beogh.
 18399 | Orc:2    | Found Xastrocukk's Antique Weapon Shoppe.
 18408 | Orc:2    | Lost mutation: You evolve. [Jiyva's grace]
 18465 | Orc:2    | Found a roughly hewn altar of Beogh.
 18500 | Orc:2    | Found Zeiplukao's Antique Armour Shoppe.
 18513 | Orc:2    | Bought a large shield for 135 gold pieces
 18513 | Orc:2    | Bought a brightly glowing cloak for 285 gold pieces
 18525 | Orc:2    | Identified the +2 cloak of Yredelemnul's Pride {rElec MR+++ Str+4} (You bought it in a shop on level 2 of the Orcish Mines)
 18540 | Orc:2    | Learned a level 4 spell: Olgreb's Toxic Radiance
 18544 | Orc:2    | Learned a level 3 spell: Ignite Poison
 18594 | Orc:2    | Found a roughly hewn altar of Beogh.
 18607 | Orc:2    | Gained mutation: Armour fits poorly on your pseudopods. [Jiyva's grace]
 18685 | Orc:2    | Lost mutation: Your mind is acute. (Int +2) [Jiyva's grace]
 18690 | Orc:2    | Noticed Sonja
 18702 | Orc:2    | Lost mutation: You possess an exceptional clarity of mind. [Jiyva's grace]
 18706 | Orc:2    | Killed Sonja
 18709 | Orc:2    | Lost mutation: Your translucent skin slightly reduces your foes' accuracy. (Stealth) [Jiyva's grace]
 18718 | Orc:2    | Lost mutation: You are partially covered in icy blue scales. (AC +2) [Jiyva's grace]
 18732 | Orc:2    | Found a roughly hewn altar of Beogh.
 18733 | Orc:2    | Found Ykocwibu's Food Emporium.
 18797 | Orc:2    | Gained mutation: You are partially covered in icy blue scales. (AC +2) [Jiyva's grace]
 18811 | Orc:2    | Lost mutation: Your system is resistant to poisons. (rPois) [Jiyva's grace]
 18914 | Orc:2    | Found a roughly hewn altar of Beogh.
 19111 | Elf:1    | Entered Level 1 of the Elven Halls
 19128 | Elf:1    | Noticed a Brimstone Fiend
 19272 | Elf:1    | Noticed Nikola
 19277 | Elf:1    | Slimified Nikola
 19277 | Elf:1    | Noticed Nikola
 19277 | Elf:1    | Nikola changed into Nikola the azure jelly
 19278 | Elf:1    | Gained mutation: Your muscles are strong. (Str +2) [Jiyva's grace]
 19422 | Elf:1    | Found Qicixumn's Armour Boutique.
 19444 | Elf:1    | Lost mutation: You are covered in slimy tendrils that may disarm your opponents. [Jiyva's grace]
 19554 | Elf:1    | Noticed Azrael
 19596 | Elf:1    | Gained mutation: You have large cloven feet. [Jiyva's grace]
 19673 | Elf:1    | Found a shimmering altar of Xom.
 19686 | Elf:1    | Reached skill level 5 in Poison Magic
 19838 | Elf:1    | Lost mutation: You have large cloven feet. [Jiyva's grace]
 19839 | Elf:1    | Killed Azrael
 19875 | Elf:1    | Identified the Disquisition on Creation
 20098 | Elf:1    | Got an ancient shortbow
 20321 | D:13     | Found a gate to the Vaults.
 20321 | D:13     | Noticed Nessos
 20321 | D:13     | Noticed Rupert
 20324 | D:13     | Reached skill level 5 in Fighting
 20327 | D:13     | Slimified Rupert
 20327 | D:13     | Noticed Rupert
 20327 | D:13     | Rupert changed into Rupert the acid blob
 20330 | D:13     | Killed Nessos
 20345 | D:13     | Gained mutation: Potions and wands are less effective at restoring your health. [Jiyva's grace]
 20351 | D:13     | Lost mutation: Potions and wands are less effective at restoring your health. [Jiyva's grace]
 20459 | Vaults:1 | Entered Level 1 of the Vaults
 20545 | Vaults:1 | Gained mutation: You are partially covered in large bone plates. (SH +4) [Jiyva's grace]
 20720 | Vaults:1 | Noticed an acid blob
 20720 | Vaults:1 | an ice dragon changed into an acid blob
 20843 | Vaults:1 | Lost mutation: Your muscles are strong. (Str +2) [Jiyva's grace]
 20847 | Vaults:1 | Noticed an acid blob
 20847 | Vaults:1 | a fire dragon changed into an acid blob
 20867 | Vaults:1 | Noticed a vault warden
 20877 | Vaults:1 | Killed a vault warden
 20879 | Vaults:1 | Reached XP level 15. HP: 113/141 MP: 1/21
 20931 | Vaults:1 | Lost mutation: You are partially covered in large bone plates. (SH +4) [Jiyva's grace]
 20940 | Vaults:1 | Gained mutation: Your muscles are strong. (Str +2) [Jiyva's grace]
 20960 | Vaults:1 | Gained mutation: You have acidic saliva. [Jiyva's grace]
 21051 | Vaults:1 | Noticed a vault warden
 21064 | Vaults:1 | Killed a vault warden
 21109 | Vaults:1 | Lost mutation: Armour fits poorly on your pseudopods. [Jiyva's grace]
 21232 | Vaults:1 | Gained mutation: Your mind is acute. (Int +2) [mutagenic meat]
 21233 | Vaults:1 | Gained mutation: Your muscles are very strong. (Str +4) [mutagenic meat]
 21235 | Vaults:1 | Gained mutation: You occasionally shout uncontrollably at your foes. [mutagenic meat]
 21501 | Vaults:1 | Gained mutation: You have sharp toenails. [Jiyva's grace]
 21505 | Vaults:1 | Noticed an azure jelly
 21505 | Vaults:1 | a fire dragon changed into an azure jelly
 21623 | Vaults:1 | Reached skill level 10 in Fighting
 21639 | Vaults:1 | Gained mutation: You can translocate small distances at will. [Jiyva's grace]
 21722 | Vaults:1 | Killed an acid blob
 21729 | Vaults:1 | Found Kokhaff's General Store.
 21792 | Vaults:1 | Noticed an azure jelly
 21792 | Vaults:1 | a fire dragon changed into an azure jelly
 21958 | Vaults:1 | Lost mutation: Your body has grown golden eyes which may confuse attackers. (Acc +3) [mutagenic meat]
 21960 | Vaults:1 | Gained mutation: You are frail. (-10% HP) [mutagenic meat]
 21961 | Vaults:1 | Gained mutation: You possess an exceptional clarity of mind. [mutagenic meat]
 21962 | Vaults:1 | Gained mutation: You are clumsy. (Dex -2) [mutagenic meat]
 21963 | Vaults:1 | Lost mutation: You have sharp toenails. [mutagenic meat]
 22123 | Vaults:2 | Lost mutation: You are frail. (-10% HP) [mutagenic meat]
 22269 | Vaults:2 | Gained mutation: You are resistant to hostile enchantments. (MR+) [Jiyva's grace]
 22346 | Vaults:2 | Paralysed by a hornet for 2 turns
 22691 | Vaults:2 | Lost mutation: You are resistant to hostile enchantments. (MR+) [Jiyva's grace]
 22729 | Vaults:2 | Gained mutation: You are somewhat resistant to further mutation. [Jiyva's grace]
 22758 | Vaults:2 | Gained mutation: Armour fits poorly on your pseudopods. [Jiyva's grace]
 22967 | Vaults:2 | Gained mutation: Your mind is very acute. (Int +4) [Jiyva's grace]
 23305 | Vaults:2 | Noticed a vault warden
 23316 | Vaults:2 | Killed a vault warden
 23364 | Vaults:2 | Gained mutation: Your translucent skin slightly reduces your foes' accuracy. (Stealth) [Jiyva's grace]
 23465 | Vaults:2 | Reached XP level 16. HP: 98/165 MP: 22/22
 23720 | Vaults:3 | Reached skill level 1 in Transmutations
 23736 | Vaults:3 | Lost mutation: You have acidic saliva. [mutagenic meat]
 23740 | Vaults:3 | Lost mutation: You occasionally shout uncontrollably at your foes. [mutagenic meat]
 23838 | Vaults:3 | Found Wasick's General Store.
 23846 | Vaults:3 | Bought a scroll of enchant armour for 142 gold pieces
 23875 | Vaults:3 | Reached skill level 1 in Fire Magic
 23952 | Vaults:3 | Noticed Jorgrun
 23964 | Vaults:3 | Killed Jorgrun
 23981 | Vaults:3 | Gained mutation: Your spells are a little easier to cast, but a little less powerful. [mutagenic meat]
 24456 | Shoals:1 | Entered Level 1 of the Shoals
 24482 | Shoals:1 | Lost mutation: You are clumsy. (Dex -2) [Jiyva's grace]
 24565 | Shoals:1 | Lost mutation: You are resistant to electric shocks. (rElec) [Jiyva's grace]
 24582 | Shoals:1 | Reached skill level 16 in Unarmed Combat
 24615 | Shoals:1 | Noticed an acid blob
 24615 | Shoals:1 | a merfolk impaler changed into an acid blob
 24630 | Shoals:1 | Lost mutation: Your translucent skin slightly reduces your foes' accuracy. (Stealth) [Jiyva's grace]
 24925 | Shoals:1 | Noticed Frances
 24956 | Shoals:1 | Slimified Frances
 24956 | Shoals:1 | Noticed Frances
 24956 | Shoals:1 | Frances changed into Frances the acid blob
 24957 | Shoals:1 | Gained mutation: You are robust. (+10% HP) [Jiyva's grace]
 25105 | Shoals:1 | Lost mutation: You can translocate small distances at will. [Jiyva's grace]
 25682 | Shoals:2 | Gained mutation: You have a small jelly attached to you that senses nearby items. [Jiyva's grace]
 25775 | Shoals:2 | Lost mutation: You have a small jelly attached to you that senses nearby items. [Jiyva's grace]
 25900 | Shoals:2 | Gained mutation: Your flesh is heat resistant. (rF+) [Jiyva's grace]
 26299 | Shoals:3 | Noticed Polyphemus
 26319 | Shoals:3 | HP: 9/181 [death yak[Polyphemus] (23)]
 26321 | Shoals:3 | Slain by a death yak

Skill      XL: |  1  2  3  4  5  6  7  8  9 10 11 12 13 14 15 16 |
---------------+-------------------------------------------------+-----
Unarmed Combat | 4 6 7 8 9 10 12 13 15 16 | 16.4
Necromancy     | 1 2 3 4 6 7 8 |  8.0
Spellcasting   | 1 2 3 4 5 |  5.2
Conjurations   | 1 2 3 |  3.1
Poison Magic   | 1 2 5 |  5.1
Dodging        | 4 6 7 |  7.5
Armour         | 2 3 4 |  4.6
Evocations     | 1 2 |  2.8
Shields        | 7 9 |  9.7
Fighting       | 7 12 | 12.2
Transmutations | 3 |  3.1
Fire Magic     | 2 |  2.9
Stealth        | |  1.0

Action                   |  1- 3 |  4- 6 |  7- 9 | 10-12 | 13-15 | 16-18 || total
-------------------------+-------+-------+-------+-------+-------+-------++-------
Melee: Unarmed           |    83 |    85 |   256 |   645 |  1208 |   360 ||  2637
       Punch             |     2 |     4 |    13 |    48 |     9 |       ||    76
       Staff             |       |       |    80 |       |       |       ||    80
       Kick              |       |       |       |    89 |   165 |       ||   254
       Scimitar          |       |       |       |     5 |     4 |       ||     9
       Headbutt          |       |       |       |       |    13 |       ||    13
       Pseudopods        |       |       |       |       |    87 |   128 ||   215
       Bite              |       |       |       |       |    49 |     5 ||    54
 Cast: Vampiric Draining |       |       |     7 |     5 |     2 |       ||    14
       Sting             |       |       |     7 |       |       |       ||     7
       Ignite Poison     |       |       |       |       |    21 |    32 ||    53
       Olgreb's Toxic Ra |       |       |       |       |    21 |    29 ||    50
Invok: Request Jelly     |       |       |       |     1 |     1 |       ||     2
       Slimify           |       |       |       |     1 |    15 |     3 ||    19
 Abil: Evoke Berserk Rag |       |       |       |       |     2 |       ||     2
Evoke: Wand              |       |       |       |     5 |     4 |     1 ||    10
  Use: Potion            |     3 |     3 |       |    12 |     4 |     1 ||    23
       Scroll            |       |     6 |     5 |    16 |     8 |     5 ||    40
 Stab: Sleeping          |     2 |     3 |     8 |     8 |     7 |       ||    28
       Distracted        |       |       |     1 |     4 |     2 |     1 ||     8
       Invisible         |       |       |       |     5 |       |       ||     5
       Paralysed         |       |       |       |     6 |       |       ||     6
       Petrified         |       |       |       |    13 |       |     2 ||    15
       Petrifying        |       |       |       |     2 |       |     1 ||     3
       Confused          |       |       |       |       |     9 |       ||     9
  Eat: Chunk             |     7 |     8 |    38 |    46 |    31 |    17 ||   147
       Bread ration      |       |     1 |       |       |       |     1 ||     2
       Meat ration       |       |       |       |       |     1 |       ||     1
Armor: Robe              |    29 |     9 |       |       |       |       ||    38
       Steam dragon scal |       |    25 |   105 |   144 |   223 |    58 ||   555
       Skin              |       |       |       |     3 |       |       ||     3
Dodge: Dodged            |    41 |    41 |   178 |   289 |   452 |   145 ||  1146
Block: Other             |       |       |       |    50 |       |       ||    50
       Shield            |       |       |       |       |   500 |   219 ||   719
       Reflection        |       |       |       |       |    49 |    24 ||    73
       Rpst.: Scimitar   |       |       |       |       |     1 |       ||     1
